 Dungeon Crawl Stone Soup version 0.26.1-2-gb8aa6d0cf2 (webtiles) character file.

Game seed: 10570549730419930266

78 KamiKatze the Conjurer (level 4, -3/30 HPs)
             Began as a Merfolk Conjurer on Mar 16, 2021.
             Killed from afar by Ijyb (14 damage)
             ... with an iceblast
             ... on level 3 of the Dungeon.
             The game lasted 00:10:24 (2669 turns).

KamiKatze the Conjurer (Merfolk Conjurer)           Turns: 2669, Time: 00:10:24

Health: -3/30      AC:  2    Str:  7    XL:     4   Next: 36%
Magic:  4/8        EV: 13    Int: 18    God:
Gold:   134        SH:  0    Dex: 12    Spells: 1/8 levels left

rFire    + . .     SeeInvis .   b - +0 dagger
rCold    . . .     Faith    .   (no shield)
rNeg     . . .     Spirit   .   a - +0 robe
rPois    .         Reflect  .   (no helmet)
rElec    .         Harm     .   (no cloak)
rCorr    .         Rampage  .   (no gloves)
Will     .....                  (no boots)
Stlth    ++........             (no amulet)
HPRegen  0.10/turn              d - ring of protection from fire
MPRegen  0.11/turn              (no ring)

@: mighty
A: change form in water, swift swim, stealthy swim
a: no special abilities


You were on level 3 of the Dungeon.
You visited 1 branch of the dungeon, and saw 3 of its levels.

You collected 134 gold pieces.

Inventory:

Hand Weapons
 b - a +0 dagger (weapon)
Missiles
 e - a throwing net (quivered)
 j - 15 poisoned darts
Armour
 a - a +0 robe (worn)
 i - a +0 kite shield
Jewellery
 d - a ring of protection from fire (left hand)
Scrolls
 c - 6 scrolls of remove curse
 h - a scroll of identify {unknown}
 k - a scroll of random uselessness {unknown}
 o - a scroll of fog {unknown}
Potions
 f - 2 potions of curing {unknown}
 g - 2 potions of might
 l - a potion of attraction {unknown}
 m - a potion of berserk rage {unknown}
 n - a potion of cancellation {unknown}


   Skills:
 - Level 3.0 Dodging
 + Level 2.9 Stealth
 * Level 2.9 Spellcasting
 * Level 3.9 Conjurations
 + Level 0.2 Hexes


You had one spell level left.
You knew the following spells:

 Your Spells              Type           Power        Failure   Level
a - Magic Dart            Conj           64%          3%          1
b - Searing Ray           Conj           32%          4%          2
c - Fulminant Prism       Conj/Hex       5%           56%         4

Your spell library contained the following spells:

 Spells                   Type           Power        Failure   Level
 Dazzling Flash           Conj/Hex       20%          22%         3
 Iskenderun's Mystic Bla  Conj/Tloc      9%           58%         4


Dungeon Overview and Level Annotations

Branches:
Dungeon (3/15)

Altars:
Ashenzari
Qazlal
Wu Jian

Annotations:
D:3 Ijyb


Message History

The searing ray misses the adder. (Press . to maintain the ray.)
The searing ray hits the adder.
The adder is heavily wounded.
The adder bites you.
Casting: Searing Ray (safe; 4% risk of failure)
Confirm with . or Enter, or press ? or * to list all spells.
Aiming: Searing Ray (safe; 4% risk of failure)
Press: ? - help, Shift-Dir - straight line, p - adder You can't see that place. [the floor.]
Okay, then.
The searing ray hits the adder!
You kill the adder!
Ijyb zaps a wand.
The mass of ice explodes!
The iceblast engulfs you!
* * * LOW HITPOINT WARNING * * *
It was a potion of might.
You feel very mighty all of a sudden.
Ijyb zaps a wand.
The mass of ice explodes!
The iceblast engulfs you!
You die...

..#.##### ..g.....#
#g# #.# ####g####
#.......# #@##.##.#
#########.##.##.# ###
#>......#.##..#.# ..#
#.......#.###.#.# ##
#.###.......#.###.#.#
.#
#.##........#.......#
.#
#.##........######.##
.###.##....†...# #.#
...............# #.#


You could see Ijyb.

Vanquished Creatures
  2 adders
  2 oozes (D:1)
  2 leopard geckos (D:2)
  An orc (D:3)
  A ball python (D:2)
  3 giant cockroaches (D:1)
  5 goblins
  5 hobgoblins
  3 jackals (D:1)
  7 kobolds
  A quokka (D:2)
  5 bats
  4 frilled lizards
  4 rats
45 creatures vanquished.

Vanquished Creatures (others)
  2 plants (D:1)
2 creatures vanquished.

Grand Total: 47 creatures vanquished

Notes
Turn   | Place    | Note
-------+----------+-------------------------------------------
     0 | D:1      | KamiKatze the Merfolk Conjurer began the quest for the Orb.
     0 | D:1      | Reached XP level 1. HP: 13/13 MP: 3/3
   373 | D:1      | Reached XP level 2. HP: 14/19 MP: 0/5
   376 | D:1      | Learned a level 2 spell: Searing Ray
   863 | D:1      | Reached XP level 3. HP: 19/24 MP: 6/6
  1611 | D:2      | Found a stormy altar of Qazlal.
  1617 | D:2      | Found an ornate altar of the Wu Jian Council.
  1825 | D:2      | Reached XP level 4. HP: 30/30 MP: 4/8
  1830 | D:2      | Learned a level 4 spell: Fulminant Prism
  2035 | D:2      | Found a broken altar of Ashenzari.
  2658 | D:3      | Noticed Ijyb
  2669 | D:3      | Killed from afar by Ijyb

Illustrated notes

Levels and vault maps discovered:
D:1:      tarquinn_simple_flora_water_b, layout_loops_corners,
          serial_bayou_lagoon_a
D:2:      layout_basic, ashenzari_conservatory_becter,
          grunt_temple_overflow_open
D:3:      layout_loops_cross, nicolae_overflow_crystal_walls, uniq_ijyb

Skill      XL: |  1  2 |
---------------+-------+-----
Dodging        | 3 |  3.0
Stealth        | |  2.9
Spellcasting   | |  2.9
Conjurations   | |  3.9
Hexes          | |  0.2

Action                   |  1- 3 |  4- 6 || total
-------------------------+-------+-------++-------
Melee: Dagger            |    62 |       ||    62
 Cast: Magic Dart        |    66 |    18 ||    84
       Searing Ray       |     1 |     2 ||     3
  Use: Scroll            |     1 |       ||     1
       Potion            |       |     1 ||     1
 Stab: Sleeping          |     1 |       ||     1
Armor: Robe              |    12 |     1 ||    13
Dodge: Dodged            |    45 |       ||    45
